Map: Frozen Temple

Players

Nrabbit - Winner!

  • Race: Zerg Zerg
  • League: Diamond

promet

  • Race: Terran Terran
  • League: Diamond

VOD

Have the link to the VOD?

Description

Time

  • Played on: July 31, 2016, 4:21 p.m.
  • Length: 20:52
Show
View Real Time Build Order
Export as new Build Order

Nrabbit Zerg - Winner!

Build Orders: Hatch First 

Get SALT Encoding   

  12  0:03  Drone  
  13  0:15  Overlord  
  13  0:18  Drone  
  14  0:33  Drone x2  
  16  0:37  Drone  
  17  0:53  Hatchery  
  17  0:56  Drone  
  17  0:59  Drone  
  18  1:10  Extractor  
  17  1:14  Spawning Pool  
  17  1:18  Drone  
  17  1:20  Drone  
  18  1:31  Drone  
  19  1:41  Overlord  
  19  2:01  Zergling x2  
  20  2:02  Queen  
  20  2:05  Zergling x2  
  20  2:06  Queen  
  20  2:08  Drone  
  26  2:12  Metabolic Boost  
  26  2:15  Drone  
  27  2:22  Drone  
  28  2:27  Overlord  
  28  2:38  Drone x3  
  31  2:47  Queen  
  31  2:48  Queen  
  35  3:03  Drone  
  35  3:04  Hatchery, Drone  
  36  3:23  Drone x3, Queen x2  
  43  3:31  Overlord  
  43  3:32  Overlord  
  43  3:36  Overlord  
  43  3:49  Drone  
  43  3:50  Drone x6  
  50  4:01  Drone x5  
  50  4:02  Drone  
  56  4:13  Overlord  
  56  4:14  Overlord  
  56  4:17  Queen  
  56  4:19  Zergling x8  
  62  4:31  Queen  
  62  4:32  Queen  
  66  4:40  Zergling x2  
  66  4:41  Zergling x10  
  66  4:43  Drone x3  
  75  5:01  Drone x3  
  75  5:03  Extractor  
  75  5:04  Drone x3, Extractor  
  75  5:06  Extractor, Drone x2  
  80  5:11  Extractor  
  80  5:12  Extractor  
  80  5:13  Drone x3  
  80  5:14  Drone  
  82  5:24  Overlord x2  
  76  5:45  Drone x3  
  76  5:46  Drone x6  
  76  5:47  Drone  
  85  6:02  Lair  
  85  6:05  Drone  
  85  6:06  Baneling Nest, Drone x4  
  85  6:07  Evolution Chamber  
  85  6:08  Drone x2  
  85  6:09  Evolution Chamber  
  89  6:27  Hatchery  
  86  6:40  Hatchery, Overlord x4  
  86  6:41  Zerg Melee Weapons Level 1, Zerg Ground Armor Level 1  
  86  6:44  Drone x3  
  86  6:46  Drone  
  89  6:57  Queen  
  89  6:59  Centrifical Hooks  
  88  7:15  Infestation Pit  
  87  7:19  Drone  
  87  7:22  Zergling x34  
  98  7:45  Drone x10  
  108  7:54  Hive  
  108  7:55  Spire  
  105  8:03  Drone x2  
  105  8:04  Drone  
  108  8:14  Overlord x2  
  108  8:18  Zergling x28  
  122  8:21  Pathogen Glands  
  122  8:23  Queen  
  122  8:26  Drone, Extractor  
  122  8:27  Drone x3, Extractor  
  126  8:35  Zerg Ground Armor Level 2, Zerg Melee Weapons Level 2  
  126  8:48  Zergling x4  
  126  8:49  Zergling x28  
  142  8:55  Overlord x6  
  142  9:05  Overseer  
  129  9:19  Zergling x34  
  135  9:31  Overseer x3  
  132  9:37  Adrenal Glands, Ultralisk Cavern  
  126  9:39  Zergling x22  
  118  9:54  Zergling x16  
  117  10:03  Infestor x4  
  117  10:04  Infestor  
  126  10:27  Baneling  
  126  10:28  Baneling x14  
  121  10:35  Overseer x3  
  96  10:53  Corruptor x13  
  120  10:59  Zergling x8  
  120  11:00  Zergling x2  
  125  11:06  Chitinous Plating  
  125  11:16  Hatchery  
  125  11:18  Extractor  
  123  11:19  Extractor  
  119  11:28  Zergling x18  
  119  11:29  Zergling x6  
  119  11:31  Hatchery  
  130  11:35  Ultralisk  
  125  11:56  Zergling x8  
  125  11:57  Zergling x14  
  124  12:05  Zergling x12  
  124  12:13  Zergling x2  
  124  12:14  Zergling x10  
  122  12:24  Ultralisk x2  
  134  12:34  Ultralisk  
  135  12:44  Hatchery  
  135  12:49  Ultralisk  
  140  12:57  Drone x2  
  140  12:58  Drone x6  
  147  13:05  Zerg Melee Weapons Level 3  
  147  13:12  Zerg Ground Armor Level 3  
  147  13:15  Drone  
  148  13:28  Queen  
  150  13:34  Infestor  
  150  13:38  Overlord x3  
  152  13:41  Hatchery  
  152  13:42  Overseer  
  140  14:14  Infestor x3  
  140  14:16  Zergling x36  
  162  14:37  Infestor x2  
  162  14:38  Infestor  
  160  14:39  Zergling x8  
  160  14:40  Zergling x14  
  162  15:15  Drone  
  162  15:16  Drone x3  
  162  15:17  Ultralisk x2  
  162  15:19  Overlord x4  
  162  15:20  Overlord x2  
  177  15:27  Zerg Flyer Armor Level 1  
  177  15:46  Burrow  
  177  15:48  Ultralisk  
  171  16:10  Ultralisk, Zergling x2  
  171  16:11  Zergling x8  
  165  16:32  Queen  
  167  16:43  Extractor  
  167  16:44  Extractor  
  152  17:03  Zergling x2  
  152  17:04  Zergling x20  
  157  17:13  Infestor x2  
  155  17:18  Zergling x4  
  155  17:19  Zergling x2  
  139  17:38  Ultralisk  
  129  17:44  Zergling x10  
  129  17:45  Zergling x2  
  129  18:06  Ultralisk  
  135  18:37  Hatchery  
  133  18:59  Hatchery  
  133  19:01  Hatchery  
  128  19:04  Ultralisk  
  128  19:05  Ultralisk  
  137  19:31  Infestor x3  
  141  19:51  Ultralisk x3  
  159  20:05  Zergling x28  
Show
View Real Time Build Order
Export as new Build Order

promet Terran 

Build Orders: Reaper Expand, Bio Mine 

Get SALT Encoding   

  12  0:00  SCV  
  13  0:13  SCV  
  14  0:17  Supply Depot  
  14  0:20  Supply Depot  
  14  0:25  SCV  
  15  0:42  SCV  
  16  0:48  Barracks  
  16  0:54  Refinery  
  16  0:56  SCV  
  17  1:08  SCV  
  18  1:20  SCV  
  19  1:35  Command Center  
  19  1:41  SCV  
  19  1:43  Reaper  
  21  1:53  Orbital Command  
  21  2:07  Barracks  
  21  2:09  Refinery  
  21  2:16  Barracks Reactor  
  21  2:19  SCV  
  22  2:31  SCV  
  23  2:38  Factory  
  23  2:54  Orbital Command  
  23  2:56  Marine x2  
  23  2:57  Barracks Tech Lab  
  24  3:01  SCV  
  25  3:06  Bunker  
  25  3:14  SCV, Marine x2  
  25  3:17  Marine  
  25  3:19  Stimpack  
  29  3:21  SCV  
  29  3:25  Starport  
  30  3:29  SCV  
  30  3:34  Factory Reactor  
  31  3:37  SCV  
  32  3:43  SCV  
  32  3:44  Supply Depot  
  32  3:48  Marine x2  
  35  3:56  Marine  
  35  4:00  SCV  
  35  4:01  SCV  
  38  4:06  Marine  
  39  4:12  SCV  
  39  4:14  Supply Depot  
  40  4:17  SCV  
  40  4:19  Marine x2  
  40  4:21  Medivac x2  
  40  4:24  Factory Tech Lab  
  46  4:31  Supply Depot  
  46  4:32  Supply Depot, SCV x2  
  46  4:35  Marine  
  49  4:43  Siege Tank  
  49  4:44  SCV  
  49  4:45  SCV, Marine x2  
  56  4:51  Medivac  
  58  4:53  Marine  
  59  5:01  SCV  
  59  5:02  SCV  
  59  5:03  Marine  
  62  5:18  SCV  
  62  5:19  Command Center, SCV  
  64  5:41  Marauder, Marine  
  65  5:44  SCV  
  66  5:50  Barracks x2  
  66  5:59  Marine  
  66  6:00  SCV  
  66  6:01  Refinery  
  66  6:02  Medivac x2, Combat Shields, Refinery, Marine  
  66  6:03  Concussive Shells  
  70  6:05  SCV  
  70  6:07  Supply Depot  
  70  6:08  Supply Depot, Widow Mine  
  70  6:09  Widow Mine  
  75  6:16  Barracks  
  75  6:17  Engineering Bay, Marine  
  76  6:19  SCV  
  76  6:20  SCV  
  78  6:30  Marauder  
  80  6:35  Marine  
  80  6:38  Widow Mine  
  80  6:39  Widow Mine  
  85  6:50  Marine  
  85  6:51  Marine  
  85  6:52  Barracks Reactor  
  87  7:06  SCV x2  
  87  7:07  Marauder  
  90  7:08  Marine  
  90  7:11  Barracks Reactor  
  90  7:14  Factory  
  90  7:15  Terran Infantry Weapons Level 1  
  91  7:16  Engineering Bay, Barracks  
  91  7:21  Marauder  
  93  7:26  Marine  
  93  7:29  Marauder  
  96  7:42  Marauder, Marine x2  
  99  7:48  Marine x2  
  99  7:50  Barracks Reactor, Marauder  
  99  7:51  Orbital Command  
  101  7:54  Medivac  
  100  7:59  Marine  
  100  8:03  Marauder  
  98  8:09  Medivac  
  98  8:11  SCV x2  
  101  8:23  SCV, Marine x2  
  101  8:24  Marine x2, Marauder  
  108  8:27  Barracks Reactor, Missile Turret  
  108  8:29  Factory Tech Lab  
  108  8:33  Terran Infantry Armor Level 1  
  108  8:35  Supply Depot  
  108  8:36  Supply Depot x2  
  108  8:37  SCV  
  108  8:40  Supply Depot  
  108  8:41  Refinery, Supply Depot  
  109  8:56  Medivac x2, Marine x2  
  109  8:57  Marine x4, Widow Mine x2, Marauder  
  109  8:58  Marauder  
  109  9:00  Supply Depot  
  109  9:01  SCV x3  
  130  9:03  Widow Mine  
  130  9:05  Supply Depot  
  121  9:18  Marauder  
  109  9:26  Marauder, Marine x7  
  109  9:27  Marine  
  118  9:39  Marine  
  118  9:44  Marine x4  
  123  9:48  Marauder  
  123  9:49  Marine x2  
  115  9:57  Marauder  
  108  10:01  Marine  
  108  10:02  Marine x5  
  112  10:09  Marauder  
  112  10:13  Marine x2  
  116  10:15  Widow Mine x2  
  116  10:16  Siege Tank  
  116  10:19  Marine, Marauder  
  126  10:28  Medivac x2  
  130  10:30  Marauder  
  132  10:38  Marine  
  132  10:40  Marauder  
  128  10:43  Marine x2  
  128  10:45  Marine x2  
  112  10:52  Marauder  
  112  10:53  Marine x3  
  112  10:55  SCV x2  
  112  10:57  Siege Tank, Widow Mine x2  
  116  10:58  Medivac x2  
  116  10:59  Barracks  
  116  11:00  Barracks  
  116  11:01  Command Center, Marauder  
  116  11:02  Refinery, Marine  
  116  11:03  Marine  
  128  11:07  Sensor Tower, Supply Depot  
  128  11:11  Marine  
  128  11:12  Armory, Marine x3  
  128  11:13  Marauder  
  134  11:22  Marine  
  134  11:23  Marauder  
  135  11:29  Siege Tank  
  138  11:34  Marauder  
  140  11:44  Marine x3, Marauder  
  140  11:45  Marine x2  
  147  11:52  Marine  
  147  11:53  Marine  
  147  11:54  Marine x3  
  146  11:55  SCV  
  146  11:56  SCV, Marauder  
  142  12:02  Marine x4  
  142  12:03  Marine  
  142  12:06  Marauder  
  146  12:10  Marine  
  146  12:11  Marine x3  
  146  12:14  Marine  
  149  12:17  Marauder  
  149  12:20  Marine x5  
  149  12:27  Marine, Marauder  
  149  12:29  Marine x3  
  153  12:30  Missile Turret  
  153  12:32  Missile Turret  
  153  12:33  Medivac, Missile Turret  
  153  12:34  Medivac, Missile Turret  
  147  12:38  Marine  
  147  12:39  Marauder  
  147  12:40  Sensor Tower  
  143  12:48  Barracks Tech Lab x2  
  138  13:04  Planetary Fortress  
  138  13:07  Widow Mine x2  
  138  13:08  Siege Tank  
  138  13:10  Drilling Claws  
  138  13:12  Supply Depot, Terran Infantry Weapons Level 2  
  145  13:17  Terran Infantry Armor Level 2  
  145  13:20  Medivac  
  147  13:36  Marauder x2, Missile Turret, Marine x5  
  147  13:37  Marauder  
  147  13:38  Missile Turret  
  158  13:44  Refinery  
  158  13:51  Marauder  
  158  13:52  Widow Mine  
  158  13:53  Siege Tank  
  165  14:04  Starport  
  164  14:11  Marine  
  164  14:12  Marauder, Marine x2  
  169  14:20  Barracks Tech Lab  
  142  14:39  Marauder, Marine x3  
  142  14:40  Marine x2, Marauder  
  149  14:52  Marauder x2, Marine x2  
  135  14:57  Marine  
  135  14:58  Viking x2  
  135  14:59  Starport Reactor  
  141  15:04  Command Center  
  141  15:06  Marine x2  
  141  15:07  Marauder, Marine x3  
  130  15:10  Marine  
  130  15:12  Marauder  
  130  15:13  Marine  
  135  15:14  Marauder  
  135  15:15  Marine  
  130  15:21  Refinery  
  130  15:24  Widow Mine  
  130  15:25  Siege Tank, Widow Mine  
  137  15:36  Medivac x4  
  100  16:11  Marine  
  100  16:12  Marine x4, Marauder x2  
  100  16:18  Marauder x2  
  109  16:19  Marine  
  109  16:20  Marauder  
  112  16:29  Marine  
  112  16:30  Marine x4  
  115  16:33  Marauder x2  
  115  16:37  Terran Infantry Armor Level 3, Terran Infantry Weapons Level 3, Command Center, Marine  
  115  16:39  Marauder x2  
  124  16:40  Marine  
  124  16:46  Sensor Tower  
  125  16:47  Marine x2  
  127  16:54  Marauder  
  102  17:14  Marine  
  102  17:15  Marauder, Marine x3  
  97  17:17  Marine  
  97  17:18  Marauder, Marine x2  
  85  17:37  Marauder x2, Marine x2  
  88  17:45  Marine  
  88  17:48  SCV, Marine  
  91  17:57  Marauder  
  76  18:10  Orbital Command  
  76  18:11  SCV  
  77  18:21  Widow Mine  
  77  18:24  SCV  
  83  18:27  Widow Mine  
  83  18:28  Widow Mine  
  84  18:35  Marine  
  84  18:36  Marine x5, Marauder  
  92  18:44  SCV x2  
  94  18:55  Marine  
  93  18:56  Marine x9  
  93  18:57  Marine  
  84  19:13  Marine x2  
  84  19:14  Marauder x2, Marine  
  91  19:33  Marauder  
  93  19:39  Marine  
  93  19:40  Marauder  
  95  19:46  Marauder x2  
  95  19:49  Marauder, Marine  
  95  19:52  Marine x4  
  95  19:53  SCV x2  
  95  19:55  Siege Tank, Widow Mine x2, Marauder  
  95  19:57  Marine  
  95  19:59  SCV  
  108  20:05  SCV  
  109  20:10  Marauder, Marine x2  
  113  20:16  Marauder x2, Marine x3  
Tags
 
Add a new tag
Caveats
  • Supply blocks, unpowered buildings, or Contaminate may cause inaccurate times.
  • Supply counts are checked every 10 seconds.